Match 47427694
Unlisted

Match 47427694
End
Construct Barracks
Engineer Squad
Riflemen Squad
Riflemen Squad
Grenade Package
M1 Mortar Team
Construct Medical Station
Construct Medical Station
Riflemen Squad
Infantry Support Center
Construct Weapon Support Center
M3 Armored Personnel Carrier
Selects Armored Battlegroup
Selects Veteran Crews
Selects Fast Deploy
M1919 Machine Gun Team
M1918 Browning Automatic Rifles
Selects M31 Recovery Vehicle
Selects War Machine
M3 Armored Personnel Carrier
Construct Motor Pool
Construct Motor Pool
M1 Anti-tank Gun Team
Construct Tank Depot
Selects Seek and Destroy
Selects UNKNOWN (2160077)
M4A3E8 Sherman Easy Eight
TheCreepy
Ygt
heybuy
ah
0
0

Comments sign in to comment!

No comments posted yet!